 Dungeon Crawl Stone Soup version 0.19.4-9-g45fd643 (webtiles) character file.

21 Exporg the Caller (level 2, 0/15 HPs)
             Began as a Tengu Summoner on Feb 18, 2017.
             Slain by an adder (5 damage)
             ... on level 2 of the Dungeon.
             The game lasted 00:04:28 (860 turns).

Exporg the Caller (Tengu Summoner)                   Turns: 860, Time: 00:04:28

Health: 0/15       AC:  2    Str:  8    XL:     2   Next: 83%
Magic:  0/6        EV: 12    Int: 15    God:
Gold:   68         SH:  0    Dex: 14    Spells: 2 memorised, 2 levels left

rFire  . . .     SeeInvis .     h - +0 whip
rCold  . . .     Gourm    .     a - +0 robe
rNeg   . . .     Faith    .     (no shield)
rPois  .         Spirit   .     (helmet restricted)
rElec  .         Reflect  .     (no cloak)
rCorr  .         Harm     .     (no gloves)
MR     .....                    (boots unavailable)
Stlth  ++........               (no amulet)
                                (no ring)
                                (no ring)

@: no status effects
A: beak, talons 3
a: no special abilities


You were on level 2 of the Dungeon.
You were not hungry.

You visited 1 branch of the dungeon, and saw 2 of its levels.

You collected 68 gold pieces.

Inventory:

Hand Weapons
 h - a +0 whip (weapon)
Armour
 a - a +0 robe (worn)
 l - a +0 leather armour
 m - a +0 ring mail
Wands
 p - a wand of acid (13/15)
Scrolls
 d - 2 scrolls of identify {unknown}
 i - a scroll of recharging {unknown}
 j - a scroll of immolation {unknown}
 n - 3 scrolls of remove curse {unknown}
Potions
 e - a potion of flight {unknown}
 g - a potion of curing {unknown}
 k - a potion of haste {unknown}
 q - a potion of degeneration {unknown}
Books
 b - a book of Callings

   Spells                             Type                      Level
   a - Summon Small Mammal            Summoning                    1
   b - Call Imp                       Summoning                    2
   c - Call Canine Familiar           Summoning                    3
   d - Summon Guardian Golem          Hexes/Summoning              3
   e - Summon Lightning Spire         Summoning/Air                4
   f - Summon Ice Beast               Ice/Summoning                4
Comestibles
 c - a bread ration
 f - a beef jerky
 o - 2 chunks of flesh


   Skills:
 + Level 2.2 Dodging
 + Level 2.0 Stealth
 + Level 2.0 Spellcasting
 * Level 5.7 Summonings


You had 2 spell levels left.
You knew the following spells:

 Your Spells              Type           Power        Failure   Level  Hunger
a - Summon Small Mammal   Summ           ###.         1%          1    #......
b - Call Imp              Summ           ###.....     3%          2    ###....


Dungeon Overview and Level Annotations

Branches:
Dungeon (2/15)

Altars:


Innate Abilities, Weirdness & Mutations

You have a beak for a mouth.
You have claws for feet.


Message History

Gang up on whom?
Press: ? - help, Dir - move target cursor, f/p - adder
Aim: an adder Attack!
The jackal bites your rat.
Your rat dies!
Your rat's corpse disappears in a puff of smoke!
The adder bites you.
You barely miss the adder. You claw the adder.
The adder is lightly wounded.
The adder bites you. x2
You miss the adder. Your kick misses the adder. Your peck misses the adder.
The adder is lightly wounded.
The adder bites you.
You hit the adder. Your kick misses the adder.
The adder is moderately wounded.
The adder misses you. The adder bites you.
You hit the adder but do no damage.
The adder is moderately wounded.
The adder bites you.
You die...

..... ... #)# #.#
#5# #.########
#l##.....#
###########h##<###.#
#.......†.#.##@# #.#
#.#######.#.##S# #.#
#.#.....#.#h.hh# #.#
#....##.#.########.#
###.....#..........#
##################


You could see an adder and 2 jackals.

Vanquished Creatures
  A ball python (D:1)
  A goblin (D:1)
  A kobold (D:2)
  2 bats (D:1)
  A rat (D:1)
6 creatures vanquished.

Vanquished Creatures (collateral kills)
  An adder (D:2)
  An ooze (D:1)
  2 giant cockroaches (D:1)
  3 jackals (D:1)
  A frilled lizard (D:1)
  2 kobolds (D:1)
  2 rats (D:1)
12 creatures vanquished.

Grand Total: 18 creatures vanquished

Notes
Turn   | Place    | Note
-------+----------+-------------------------------------------
     0 | D:1      | Exporg the Tengu Summoner began the quest for the Orb.
     0 | D:1      | Reached XP level 1. HP: 10/10 MP: 4/4
   165 | D:1      | Reached skill level 5 in Summonings
   370 | D:1      | Reached XP level 2. HP: 15/15 MP: 4/6
   374 | D:1      | Learned a level 2 spell: Call Imp
   860 | D:2      | Slain by an adder

Skill      XL: |  1 |
---------------+----+-----
Summonings     | 5 |  5.7
Dodging        | |  2.2
Stealth        | |  2.0
Spellcasting   | |  2.0

Action                   || total
-------------------------++-------
Melee: Whip              ||    16
       Kick              ||     4
       Peck              ||     4
 Cast: Summon Small Mamm ||    17
       Call Imp          ||     4
 Stab: Sleeping          ||     1
Armor: Robe              ||     3
Dodge: Dodged            ||    12
